AoeStats
← Sid

MegaRandom

509308109Analyzed
2v2 RM · 5d ago on Sep 26, 2026· 56m 17s· 4 players
Game mode
Random Map
Map size
Medium (4 player)
Population
200
Speed
Normal
Resources
Standard
Victory
Conquest
Starting age
Dark Age
Ending age
Imperial Age
RankedLock teamsTeams togetherTeam positionsShared explorationLock speedFull tech treeHidden civsTurbo modeCheats
Victory
Defeat
🇻🇳 Romans · Vietnam
1353
+15
🇻🇳 Magyars · Vietnam
1353
+15
🇯🇵 Vikings · Japan
1345
-16
🇯🇵 Varangians · Japan
1313
-14
fumin.jp
5:01 Loom
11:10 Feudal Age
16:48 Fletching
18:06 Double-Bit Axe
23:28 Castle Age
22:19 Horse Collar
22:30 Gold Mining
23:20 Padded Archer Armor
23:48 Crossbowman
24:29 Bodkin Arrow
24:59 Leather Archer Armor
25:42 Heavy Plow
28:34 Bow Saw
29:01 Gold Shaft Mining
29:48 Ballistics
32:15 Gold Shaft Mining
35:26 Imperial Age
33:58 Town Watch
36:11 Bracer
35:48 Arbalester
36:17 Capped Ram
44:25 Chemistry
45:04 Elite Skirmisher
49:35 Pikeman
51:01 Caravan
53:39 Ring Archer Armor
Sid
6:41 Loom
10:22 Feudal Age
13:02 Double-Bit Axe
14:20 Horse Collar
16:33 Bloodlines
19:08 Scale Barding Armor
24:59 Castle Age
24:12 Wheelbarrow
24:16 Forging
23:57 Gold Mining
24:47 Stone Mining
25:00 Fletching
26:32 Chain Barding Armor
27:19 Husbandry
29:14 Town Watch
29:49 Hand Cart
30:33 Heavy Plow
33:02 Iron Casting
33:23 Bow Saw
39:10 Imperial Age
37:04 Bodkin Arrow
37:10 Scale Mail Armor
36:32 Pikeman
39:00 Squires
39:56 Chain Mail Armor
40:42 Plate Barding Armor
39:40 Vendel Legacy
40:32 Cavalier
43:03 Blast Furnace
42:39 Caravan
42:31 Light Cavalry
45:57 Conscription
46:56 Hussar
50:51 Bracer
52:31 Padded Archer Armor
mmb
7:23 Loom
10:46 Feudal Age
10:56 Man-at-Arms
15:47 Double-Bit Axe
21:27 Castle Age
19:13 Horse Collar
20:14 Bloodlines
20:28 Forging
24:44 Wheelbarrow
24:30 Husbandry
24:42 Scale Barding Armor
25:12 Bow Saw
26:25 Gold Mining
27:32 Gold Mining
27:46 Heavy Plow
28:00 Husbandry
29:11 Chain Barding Armor
30:16 Stone Mining
31:45 Gold Shaft Mining
37:20 Hand Cart
40:30 Imperial Age
40:02 Iron Casting
41:59 Plate Barding Armor
40:55 Cavalier
46:27 Conscription
47:18 Light Cavalry
48:25 Town Watch
50:43 Capped Ram
52:03 Crop Rotation
53:34 Siege Engineers
52:52 Siege Ram
Ligma
5:26 Loom
12:28 Feudal Age
14:09 Double-Bit Axe
15:04 Fletching
15:16 Horse Collar
25:39 Castle Age
24:26 Gold Mining
25:07 Bloodlines
26:52 Bow Saw
26:54 Husbandry
27:17 Thumb Ring
27:48 Bodkin Arrow
28:34 Ballistics
29:54 Padded Archer Armor
31:50 Gold Shaft Mining
31:20 Heavy Plow
31:41 Leather Archer Armor
34:13 Wheelbarrow
36:29 Stone Mining
41:54 Imperial Age
40:37 Masonry
42:55 Bracer
43:57 Chemistry
43:13 Recurve Bow
44:52 Two-Man Saw
44:59 Ring Archer Armor
47:48 Parthian Tactics
47:54 Heavy Cavalry Archer
49:04 Scale Barding Armor
49:35 Conscription
51:41 Hand Cart
51:12 Town Watch
51:11 Light Cavalry
53:43 Chain Barding Armor
57:31 Plate Barding Armor
Connection lost

Rejoining the realm…

Still unreachable

The connection could not be restored.

Session expired

The server has moved on; the page needs a fresh start.